 Dungeon Crawl Stone Soup version 0.31.0-32-g396128a36d (webtiles) character file.

Game seed: 3941885411414262262

100 PaiMei the Grave Robber (level 4, 0/30 HPs)
             Began as a Demonspawn Necromancer on Apr 16, 2024.
             Slain by Grinder (8 damage)
             ... on level 3 of the Dungeon.
             The game lasted 00:04:17 (2808 turns).

PaiMei the Grave Robber (Demonspawn Necromancer)    Turns: 2808, Time: 00:04:18

Health: 0/30       AC:  3    Str:  8    XL:     4   Next: 47%
Magic:  7/8        EV: 12    Int: 18    God:
Gold:   133        SH:  0    Dex: 13    Spells: 4/8 levels left

rFire   . . .        j - +0 dagger (venom)
rCold   + . .        (no shield)
rNeg    . . .        a - +0 robe
rPois   .            (helmet restricted)
rElec   .            o - +0 cloak
rCorr   +            (no gloves)
SInv    .            (no boots)
Will    .....        (no amulet)
Stlth   ++           h - ring of protection from cold
HPRegen 0.25/turn    c - ring of resist corrosion
MPRegen 0.11/turn

%: no passive effects
@: no status effects
A: horns 1, powered by death 1
a: no special abilities


You were on level 3 of the Dungeon.
You visited 1 branch of the dungeon, and saw 3 of its levels.

You collected 133 gold pieces.

Inventory:

Hand Weapons
 j - a +0 dagger of venom (weapon)
 k - a +1 mace of protection
 q - a +1 whip of draining
Missiles
 l - 5 poisoned darts (quivered)
 s - 2 throwing nets
Armour
 a - a +0 robe (worn)
 o - a +0 cloak (worn)
Jewellery
 c - a ring of resist corrosion (right hand)
 h - a ring of protection from cold (left hand)
 r - the ring of Mirth {Ice Int-2 Dex+5}
   (You found it on level 3 of the Dungeon)

   [ring of ice]

   Ice:       It enhances your ice magic.
   Int-2:     It affects your intelligence (-2).
   Dex+5:     It affects your dexterity (+5).
   rF-:       It makes you vulnerable to fire.
   rC+:       It protects you from cold.
Scrolls
 f - a scroll of poison {unknown}
 g - 2 scrolls of enchant armour {unknown}
 m - 3 scrolls of identify {unknown}
 n - 2 scrolls of teleportation {unknown}
Potions
 b - a potion of magic
 d - 2 potions of curing {unknown}
 e - a potion of lignification {unknown}
 i - a potion of brilliance {unknown}
 p - a potion of attraction {unknown}


   Skills:
 + Level 2.6 Dodging
 + Level 2.7 Stealth
 + Level 2.8 Spellcasting
 + Level 5.0 Necromancy


You had 4 spell levels left.
You knew the following spells:

 Your Spells              Type           Power      Damage    Failure   Level
a - Necrotise             Necr           80%        1d8       2%          1
b - Vampiric Draining     Necr           20%        2d7       6%          3

Your spell library contained the following spells:

 Spells                   Type           Power      Damage    Failure   Level
 Slow                     Hex            8%         N/A       17%         1
 Animate Dead             Necr           20%        N/A       22%         4
 Confusing Touch          Hex            2%         N/A       45%         3
 Sigil of Binding         Hex            2%         N/A       45%         3
 Curse of Agony           Necr           20%        N/A       52%         5


Dungeon Overview and Level Annotations

Branches:
Dungeon (3/15)

Altars:

Shops:
D:2 :

Annotations:
D:3 Grinder


Innate Abilities, Weirdness & Mutations

You have a pair of small horns on your head.
You regenerate a little health from kills.


Message History

Grinder barely misses you.
Casting: Necrotise (safe; 2% risk of failure)
Confirm with . or Enter, or press ? or * to list all spells.
Aiming: Necrotise (safe; 2% risk of failure)
Press: ? - help, Shift-Dir - straight line, f - frilled lizard
Aim: a frilled lizard (chance to affect: 89%)
You miscast Necrotise.
You are very lightly contaminated with residual magic.
Nothing appears to happen.
Grinder gestures at you. You resist with significant effort.
The frilled lizard misses you.
You completely miss the frilled lizard. Grinder hits you.
You writhe in agony.
* * * LOW HITPOINT WARNING * * *
The frilled lizard bites you but does no damage.
Casting: Necrotise (safe; 2% risk of failure)
Confirm with . or Enter, or press ? or * to list all spells.
Aiming: Necrotise (safe; 2% risk of failure)
Press: ? - help, Shift-Dir - straight line, f/p - frilled lizard
Aim: a frilled lizard (chance to affect: 89%)
The frilled lizard writhes in agony.
You kill the frilled lizard!
The dead are walking!
Grinder hits you but does no damage.
You hit Grinder but do no damage. Your headbutt misses Grinder.
Grinder is moderately wounded.
Grinder hits you.
* * * LOW HITPOINT WARNING * * *
You writhe in agony.
* * * LOW HITPOINT WARNING * * *
Grinder gestures at you.
You suddenly lose the ability to move!
Grinder says, "Mostly I couldn't keep them alive."
Grinder gestures at you.
You shrug off the repeated paralysis!
Grinder gestures at you.
You shrug off the repeated paralysis!
Your magical contamination has completely faded away.
You can move again.
Grinder attacks as she pursues you! Grinder hits you!
You die...
Grinder says, "Hey, I wasn't done torturing you yet!"

##.#.# #..#
...#.###..###
#...........#
#..........####
###...........#
#.#......##.#
###########.#......## #
#.#.#.#.#.#.#.#..<..#
..............<5@...#.#
#.#.#.#.#.#.#.#.....#.#
..............Z...###.#
#.#.#.#.#.#.#.#...# #.#
.ยง.............##.#
#.# #.#.#.#.#.#.#.###.#
#.# ###.###.###....##.#
#.## #.#
#.....###...###..# #.#
##............[..#


You could see Grinder (ally target) and a friendly frilled lizard skeleton.

Vanquished Creatures
  5 adders
  2 dart slugs
  A ribbon worm (D:2)
  4 ball pythons
  4 bats (D:1)
  3 endoplasms
  2 giant cockroaches
  5 goblins
  6 hobgoblins
  3 jackals (D:2)
  3 frilled lizards
  4 kobolds
  3 rats
45 creatures vanquished.

Vanquished Creatures (collateral kills)
  A bat (D:1)
  An endoplasm (D:3)
2 creatures vanquished.

Grand Total: 47 creatures vanquished

Notes
Turn   | Place    | Note
-------+----------+-------------------------------------------
     0 | D:1      | PaiMei the Demonspawn Necromancer began the quest for the
                  | Orb.
     0 | D:1      | Reached XP level 1. HP: 13/13 MP: 3/3
   324 | D:1      | Gained mutation: You regenerate a little health from kills.
                  | [demonic ancestry]
   324 | D:1      | Reached XP level 2. HP: 19/19 MP: 1/5
  1523 | D:2      | Reached XP level 3. HP: 24/24 MP: 4/6
  1527 | D:2      | Learned a level 3 spell: Vampiric Draining
  1702 | D:2      | Found Aduabb's Vocational Training.
  2386 | D:3      | Identified the ring of Mirth {Ice Int-2 Dex+5}
  2392 | D:3      | Gained mutation: You have a pair of small horns on your
                  | head. [demonic ancestry]
  2392 | D:3      | Reached XP level 4. HP: 30/30 MP: 3/7
  2543 | D:3      | Noticed Grinder
  2571 | D:3      | Reached skill level 5 in Necromancy
  2797 | D:3      | Paralysed by Grinder for 2 turns
  2804 | D:3      | Paralysed by Grinder for 4 turns
  2808 | D:3      | Slain by Grinder

Illustrated notes

Levels and vault maps discovered:
D:1:      dpeg_arrival_round_b, layout_basic
D:2:      layout_basic, nicolae_shop_vocational
D:3:      layout_loops_ring, jmf_multi_god_temple2, minivault_23, st_stairs_12,
          kennysheep_big_empty_room, fountainhead, grunt_decor_cap,
          minmay_fractal_squares_5, uniq_grinder

Skill      XL: |  1  2  3  4 |
---------------+-------------+-----
Dodging        | 2 |  2.6
Stealth        | 2 |  2.7
Necromancy     | 5 |  5.0
Spellcasting   | |  2.8

Action                     |  1- 3 |  4- 6 || total
---------------------------+-------+-------++-------
  Melee: Unarmed           |     4 |       ||     4
         Dagger            |    24 |    11 ||    35
         Headbutt          |       |     6 ||     6
         Whip              |       |     4 ||     4
   Cast: Necrotise         |    67 |    18 ||    85
 Armour: Robe              |    30 |    14 ||    44
  Dodge: Dodged            |    41 |    12 ||    53
